[ AOE2 MATCH · #506935160 ]
UnrankedBerbers vs Khmer
[ REPLAY ANALYSIS · EXTRACTED FROM THE RECORDED GAME ]
Feudal
12:15
Castle
25:51
Imperial
—
| APM avg | 48.5 |
| APM peak | 115 |
| eAPM avg | 22.0 |
| Villagers / military | 63 / 51 |
Focus
⚔️ 25.7% · 🌾 74.3%
Cavalry Archer ×28 · Skirmisher ×12 · Spearman ×4 · Scout Cavalry ×4 · Knight ×3
Feudal
12:48
Castle
17:16
Imperial
—
| APM avg | 32.0 |
| APM peak | 62 |
| eAPM avg | 12.5 |
| Villagers / military | 72 / 31 |
Focus
⚔️ 28.3% · 🌾 71.7%
Steppe Lancer ×16 · Camel Scout ×13 · Knight ×1 · Scout Cavalry ×1
Feudal
13:50
Castle
16:34
Imperial
—
| APM avg | 46.2 |
| APM peak | 73 |
| eAPM avg | 17.4 |
| Villagers / military | 95 / 26 |
Focus
⚔️ 21.4% · 🌾 78.6%
Knight ×23 · Scout Cavalry ×3
Feudal
12:32
Castle
17:03
Imperial
—
| APM avg | 22.9 |
| APM peak | 47 |
| eAPM avg | 12.1 |
| Villagers / military | 58 / 42 |
Focus
⚔️ 28.9% · 🌾 71.1%
Cavalry Archer ×31 · Archer ×6 · Mangonel ×3 · Scorpion ×2
Match map
Initial resources + every placement click. Lines = walls · curves = elevation contours. ◆ gold · ⬟ stone · ● berries · ✦ relic · ◌ wall gap
Your base· Open — unwalled flank
LMG_Leonardo's base· Open — 10t gap
Hornet-Wing's base· Open — unwalled flank
Sudden_Death_'s base· Open — 13t gap
Smoothed initial terrain · ◌ = detected wall gap · hover for details
Inputs per minute
— LMG_HERA DE TEMU - - LMG_Leonardo
Build order — LMG_HERA DE TEMU
First 150 of 173 actions detected
| 0:11 | Build | House |
| 0:16 | Build | House |
| 0:25 | Build | Town Center |
| 2:41 | Queue | Villager (Male) |
| 2:41 | Queue | Villager (Male) |
| 2:41 | Queue | Villager (Male) |
| 2:41 | Queue | Villager (Male) |
| 2:42 | Queue | Villager (Male) |
| 2:42 | Queue | Villager (Male) |
| 3:36 | Queue | Villager (Male) |
| 3:36 | Queue | Villager (Male) |
| 3:37 | Queue | Villager (Male) |
| 4:31 | Queue | Villager (Male) |
| 4:32 | Queue | Villager (Male) |
| 4:32 | Queue | Villager (Male) |
| 4:44 | Build | Lumber Camp |
| 5:12 | Queue | Villager (Male) |
| 5:12 | Queue | Villager (Male) |
| 5:13 | Queue | Villager (Male) |
| 5:18 | Research | Loom |
| 5:41 | Queue | Villager (Male) |
| 5:41 | Queue | Villager (Male) |
| 5:42 | Queue | Villager (Male) |
| 6:10 | Queue | Villager (Male) |
| 6:10 | Queue | Villager (Male) |
| 6:10 | Queue | Villager (Male) |
| 6:45 | Build | House |
| 6:51 | Build | House |
| 7:01 | Queue | Villager (Male) |
| 7:01 | Queue | Villager (Male) |
| 7:46 | Queue | Villager (Male) |
| 7:46 | Queue | Villager (Male) |
| 8:40 | Build | Mill |
| 9:00 | Queue | Villager (Male) |
| 9:01 | Queue | Villager (Male) |
| 10:05 | Research | Feudal Age |
| 11:00 | Build | Barracks |
| 11:09 | Build | Palisade Gate |
| 11:11 | Build | Palisade Wall |
| 11:20 | Queue | Villager (Male) |
| 11:20 | Queue | Villager (Male) |
| 12:15 | Age | Feudal Age |
| 12:18 | Build | Stable |
| 12:23 | Queue | Villager (Male) |
| 12:24 | Queue | Villager (Male) |
| 12:24 | Queue | Villager (Male) |
| 12:27 | Research | Double-Bit Axe |
| 12:39 | Queue | Spearman |
| 12:42 | Build | House |
| 12:44 | Build | House |
| 13:06 | Queue | Scout Cavalry |
| 13:07 | Queue | Scout Cavalry |
| 13:24 | Queue | Spearman |
| 13:43 | Build | House |
| 13:50 | Queue | Scout Cavalry |
| 13:50 | Queue | Scout Cavalry |
| 14:02 | Build | Palisade Wall |
| 14:26 | Build | Mill |
| 14:35 | Queue | Villager (Male) |
| 14:35 | Queue | Villager (Male) |
| 14:35 | Queue | Villager (Male) |
| 14:44 | Build | Archery Range |
| 15:19 | Queue | Villager (Male) |
| 15:19 | Queue | Villager (Male) |
| 15:54 | Build | Mining Camp |
| 15:57 | Queue | Villager (Male) |
| 15:58 | Queue | Villager (Male) |
| 15:59 | Queue | Skirmisher |
| 15:59 | Queue | Skirmisher |
| 16:07 | Build | Palisade Gate |
| 16:19 | Build | Palisade Wall |
| 16:44 | Build | House |
| 16:47 | Build | House |
| 16:51 | Build | House |
| 16:54 | Build | Palisade Wall |
| 17:00 | Queue | Villager (Male) |
| 17:00 | Queue | Villager (Male) |
| 17:06 | Build | Palisade Wall |
| 17:27 | Queue | Skirmisher |
| 17:28 | Queue | Skirmisher |
| 17:51 | Queue | Spearman |
| 17:51 | Queue | Spearman |
| 18:00 | Queue | Villager (Male) |
| 18:01 | Queue | Villager (Male) |
| 18:07 | Build | Palisade Wall |
| 18:13 | Build | Blacksmith |
| 19:05 | Build | Palisade Gate |
| 19:12 | Queue | Villager (Male) |
| 19:12 | Queue | Villager (Male) |
| 19:18 | Build | Palisade Gate |
| 19:21 | Build | Watch Tower |
| 19:45 | Research | Fletching |
| 19:51 | Queue | Skirmisher |
| 19:51 | Queue | Skirmisher |
| 20:12 | Queue | Villager (Male) |
| 20:12 | Queue | Villager (Male) |
| 20:12 | Queue | Villager (Male) |
| 20:45 | Build | Market |
| 21:21 | Research | Padded Archer Armor |
| 21:40 | Queue | Skirmisher |
| 21:40 | Queue | Skirmisher |
| 21:57 | Queue | Villager (Male) |
| 21:58 | Queue | Villager (Male) |
| 22:34 | Build | Palisade Gate |
| 22:49 | Build | Palisade Gate |
| 22:51 | Build | Palisade Wall |
| 23:11 | Research | Castle Age |
| 23:58 | Build | Archery Range |
| 23:59 | Build | Archery Range |
| 24:25 | Research | Gold Mining |
| 24:43 | Build | Mill |
| 25:17 | Build | Mining Camp |
| 25:32 | Build | House |
| 25:34 | Build | House |
| 25:38 | Research | Stone Mining |
| 25:40 | Queue | Villager (Male) |
| 25:40 | Queue | Villager (Male) |
| 25:40 | Queue | Villager (Male) |
| 25:51 | Age | Castle Age |
| 26:00 | Queue | Cavalry Archer |
| 26:00 | Queue | Cavalry Archer |
| 26:00 | Queue | Cavalry Archer |
| 26:01 | Queue | Cavalry Archer |
| 26:01 | Queue | Cavalry Archer |
| 26:10 | Queue | Villager (Male) |
| 26:10 | Queue | Villager (Male) |
| 26:23 | Queue | Villager (Male) |
| 26:24 | Queue | Villager (Male) |
| 26:46 | Research | Bodkin Arrow |
| 27:34 | Queue | Villager (Male) |
| 27:38 | Build | Town Center |
| 27:43 | Queue | Villager (Male) |
| 27:43 | Queue | Villager (Male) |
| 27:48 | Queue | Cavalry Archer |
| 27:48 | Queue | Cavalry Archer |
| 27:48 | Queue | Cavalry Archer |
| 27:48 | Queue | Cavalry Archer |
| 28:20 | Queue | Cavalry Archer |
| 28:20 | Queue | Cavalry Archer |
| 28:20 | Queue | Cavalry Archer |
| 28:21 | Queue | Cavalry Archer |
| 28:21 | Queue | Cavalry Archer |
| 28:36 | Queue | Knight |
| 28:37 | Queue | Knight |
| 28:37 | Queue | Knight |
| 28:47 | Queue | Villager (Male) |
| 28:47 | Queue | Villager (Male) |
| 28:47 | Queue | Villager (Male) |
| 28:57 | Build | House |
| 29:03 | Build | House |
Build order — LMG_Leonardo
First 150 of 167 actions detected
| 1:08 | Build | Town Center |
| 1:39 | Build | House |
| 2:37 | Build | House |
| 3:08 | Queue | Villager (Male) |
| 3:09 | Queue | Villager (Male) |
| 3:09 | Queue | Villager (Male) |
| 3:09 | Queue | Villager (Male) |
| 3:27 | Build | House |
| 3:43 | Build | House |
| 4:26 | Queue | Villager (Male) |
| 4:26 | Queue | Villager (Male) |
| 4:55 | Queue | Villager (Male) |
| 4:55 | Queue | Villager (Male) |
| 5:16 | Build | Lumber Camp |
| 5:41 | Queue | Villager (Male) |
| 5:41 | Queue | Villager (Male) |
| 6:14 | Build | House |
| 6:15 | Build | House |
| 6:19 | Queue | Villager (Male) |
| 6:19 | Queue | Villager (Male) |
| 6:19 | Queue | Villager (Male) |
| 6:20 | Queue | Villager (Male) |
| 7:22 | Build | House |
| 8:02 | Queue | Villager (Male) |
| 8:02 | Queue | Villager (Male) |
| 8:06 | Build | House |
| 8:22 | Build | House |
| 8:35 | Build | House |
| 9:00 | Queue | Villager (Male) |
| 9:07 | Build | Mill |
| 9:28 | Queue | Villager (Male) |
| 9:32 | Research | Loom |
| 10:04 | Research | Feudal Age |
| 10:11 | Build | Mining Camp |
| 11:14 | Queue | Villager (Male) |
| 11:14 | Queue | Villager (Male) |
| 11:23 | Build | Mill |
| 12:48 | Age | Feudal Age |
| 12:51 | Build | Market |
| 12:59 | Queue | Villager (Male) |
| 13:51 | Build | Blacksmith |
| 14:00 | Queue | Villager (Male) |
| 14:12 | Build | House |
| 14:36 | Research | Castle Age |
| 14:42 | Research | Double-Bit Axe |
| 15:23 | Queue | Villager (Male) |
| 15:23 | Queue | Villager (Male) |
| 15:27 | Research | Scale Barding Armor |
| 15:49 | Build | Barracks |
| 16:05 | Build | Palisade Wall |
| 16:06 | Build | Palisade Wall |
| 16:07 | Build | Palisade Wall |
| 16:08 | Build | Palisade Wall |
| 16:15 | Build | Palisade Wall |
| 16:16 | Build | Palisade Wall |
| 16:16 | Build | Palisade Wall |
| 16:17 | Build | Palisade Wall |
| 16:17 | Build | Palisade Wall |
| 17:06 | Build | Stable |
| 17:16 | Age | Castle Age |
| 17:28 | Research | Chain Barding Armor |
| 17:51 | Queue | Scout Cavalry |
| 17:55 | Queue | Steppe Lancer |
| 17:56 | Research | Bloodlines |
| 18:02 | Build | Stable |
| 18:04 | Queue | Villager (Male) |
| 18:14 | Build | House |
| 18:18 | Build | House |
| 18:19 | Build | House |
| 18:27 | Queue | Steppe Lancer |
| 18:27 | Queue | Steppe Lancer |
| 18:29 | Queue | Villager (Male) |
| 18:29 | Queue | Villager (Male) |
| 18:53 | Queue | Steppe Lancer |
| 18:53 | Queue | Steppe Lancer |
| 19:14 | Queue | Villager (Male) |
| 19:16 | Research | Wheelbarrow |
| 19:22 | Queue | Villager (Male) |
| 19:22 | Queue | Villager (Male) |
| 19:34 | Queue | Steppe Lancer |
| 19:34 | Queue | Steppe Lancer |
| 19:42 | Build | Mill |
| 19:49 | Build | House |
| 19:50 | Build | House |
| 20:13 | Queue | Steppe Lancer |
| 20:13 | Queue | Steppe Lancer |
| 20:41 | Queue | Steppe Lancer |
| 20:41 | Queue | Steppe Lancer |
| 21:17 | Build | Farm |
| 21:23 | Build | Town Center |
| 21:45 | Queue | Villager (Male) |
| 21:46 | Queue | Villager (Male) |
| 21:48 | Queue | Steppe Lancer |
| 21:48 | Queue | Steppe Lancer |
| 21:51 | Build | Farm |
| 22:21 | Build | Mill |
| 22:28 | Queue | Villager (Male) |
| 22:29 | Queue | Steppe Lancer |
| 22:30 | Queue | Steppe Lancer |
| 22:30 | Queue | Steppe Lancer |
| 22:58 | Queue | Villager (Male) |
| 22:59 | Queue | Villager (Male) |
| 23:52 | Build | Farm |
| 23:55 | Queue | Villager (Male) |
| 23:55 | Queue | Villager (Male) |
| 23:55 | Queue | Villager (Male) |
| 23:57 | Queue | Camel Scout |
| 23:57 | Queue | Camel Scout |
| 23:57 | Queue | Camel Scout |
| 24:35 | Queue | Villager (Male) |
| 24:35 | Queue | Villager (Male) |
| 25:14 | Build | Farm |
| 25:14 | Build | Farm |
| 25:21 | Build | Monastery |
| 25:30 | Build | Mining Camp |
| 25:34 | Queue | Villager (Male) |
| 25:35 | Queue | Villager (Male) |
| 26:06 | Queue | Villager (Male) |
| 26:43 | Queue | Villager (Male) |
| 27:19 | Queue | Villager (Male) |
| 27:19 | Queue | Villager (Male) |
| 27:50 | Build | Town Center |
| 27:58 | Queue | Villager (Male) |
| 28:05 | Queue | Camel Scout |
| 28:05 | Queue | Camel Scout |
| 28:05 | Queue | Camel Scout |
| 28:06 | Queue | Camel Scout |
| 28:33 | Queue | Villager (Male) |
| 28:48 | Queue | Villager (Male) |
| 28:48 | Queue | Villager (Male) |
| 29:04 | Build | Stable |
| 29:24 | Queue | Villager (Male) |
| 29:56 | Queue | Villager (Male) |
| 29:56 | Queue | Villager (Male) |
| 30:03 | Queue | Villager (Male) |
| 30:03 | Queue | Villager (Male) |
| 30:03 | Queue | Villager (Male) |
| 30:03 | Queue | Villager (Male) |
| 30:03 | Queue | Villager (Male) |
| 30:44 | Queue | Villager (Male) |
| 30:45 | Queue | Villager (Male) |
| 30:47 | Queue | Knight |
| 30:49 | Queue | Camel Scout |
| 30:49 | Queue | Camel Scout |
| 31:19 | Queue | Villager (Male) |
| 31:19 | Queue | Villager (Male) |
| 31:31 | Queue | Villager (Male) |
| 31:31 | Queue | Villager (Male) |
| 31:31 | Queue | Villager (Male) |
| 31:32 | Queue | Villager (Male) |
Build order — Hornet-Wing
First 150 of 215 actions detected
| 0:06 | Build | Town Center |
| 1:44 | Build | House |
| 2:27 | Queue | Villager (Male) ×4 |
| 3:24 | Queue | Villager (Male) |
| 3:24 | Queue | Villager (Male) |
| 3:47 | Build | House |
| 3:50 | Build | House |
| 4:02 | Queue | Villager (Male) |
| 4:02 | Queue | Villager (Male) |
| 4:07 | Build | House |
| 4:21 | Build | House |
| 4:42 | Queue | Villager (Male) |
| 5:12 | Queue | Villager (Male) |
| 5:13 | Queue | Villager (Male) |
| 5:27 | Build | House |
| 5:31 | Queue | Villager (Male) |
| 5:58 | Queue | Villager (Male) |
| 6:20 | Queue | Villager (Male) |
| 6:29 | Build | House |
| 6:51 | Build | Lumber Camp |
| 6:58 | Queue | Villager (Male) |
| 7:00 | Build | House |
| 7:09 | Queue | Villager (Male) |
| 7:12 | Build | House |
| 7:20 | Queue | Villager (Male) |
| 7:22 | Build | Lumber Camp |
| 7:30 | Queue | Villager (Male) |
| 7:38 | Queue | Villager (Male) |
| 7:59 | Build | House |
| 8:05 | Queue | Villager (Male) |
| 8:25 | Queue | Villager (Male) |
| 8:36 | Queue | Villager (Male) |
| 8:39 | Build | House |
| 9:06 | Queue | Villager (Male) |
| 9:14 | Build | House |
| 9:32 | Build | House |
| 9:52 | Queue | Villager (Male) |
| 10:19 | Build | House |
| 10:36 | Build | House |
| 10:43 | Build | House |
| 10:56 | Build | House |
| 10:59 | Build | House |
| 11:07 | Build | Mining Camp |
| 11:11 | Build | House |
| 11:15 | Queue | Villager (Male) |
| 11:18 | Research | Feudal Age |
| 11:22 | Build | House |
| 11:34 | Build | House |
| 12:23 | Build | Palisade Wall |
| 12:33 | Build | Mill |
| 12:38 | Build | House |
| 12:52 | Build | Palisade Wall |
| 12:53 | Build | Palisade Wall |
| 13:15 | Build | House |
| 13:20 | Build | Palisade Wall |
| 13:21 | Build | Palisade Wall |
| 13:50 | Age | Feudal Age |
| 13:52 | Build | Stable |
| 13:54 | Research | Castle Age |
| 14:01 | Research | Loom |
| 14:31 | Queue | Scout Cavalry |
| 14:31 | Queue | Scout Cavalry |
| 14:34 | Research | Double-Bit Axe |
| 15:44 | Queue | Scout Cavalry |
| 16:12 | Build | Palisade Wall |
| 16:17 | Build | Palisade Wall |
| 16:27 | Build | Blacksmith |
| 16:34 | Age | Castle Age |
| 16:35 | Research | Light Cavalry (upgrade) |
| 16:36 | Queue | Knight |
| 16:38 | Queue | Villager (Male) |
| 16:39 | Research | Bow Saw |
| 17:02 | Build | Palisade Gate |
| 17:06 | Build | Palisade Wall |
| 17:07 | Build | Palisade Wall |
| 17:07 | Build | Palisade Wall |
| 17:20 | Build | Palisade Wall |
| 17:30 | Research | Forging |
| 17:48 | Queue | Villager (Male) |
| 17:50 | Queue | Villager (Male) |
| 18:31 | Queue | Knight |
| 18:31 | Queue | Knight |
| 18:31 | Queue | Villager (Male) |
| 18:43 | Queue | Villager (Male) |
| 18:44 | Build | Farm |
| 18:45 | Build | Farm |
| 18:45 | Build | Farm |
| 18:45 | Build | Farm |
| 18:46 | Build | Farm |
| 18:46 | Build | Farm |
| 18:53 | Queue | Villager (Male) |
| 18:58 | Queue | Villager (Male) |
| 19:15 | Queue | Villager (Male) |
| 19:18 | Queue | Villager (Male) |
| 19:20 | Build | House |
| 19:21 | Build | House |
| 19:27 | Queue | Knight |
| 19:36 | Build | House |
| 19:37 | Build | House |
| 19:38 | Build | House |
| 19:49 | Queue | Knight |
| 20:11 | Queue | Villager (Male) |
| 20:18 | Queue | Knight |
| 20:37 | Queue | Knight |
| 20:44 | Research | Scale Barding Armor |
| 20:52 | Queue | Villager (Male) |
| 21:17 | Queue | Villager (Male) |
| 21:28 | Build | Town Center |
| 21:42 | Queue | Knight |
| 21:49 | Build | House |
| 21:50 | Build | House |
| 21:58 | Queue | Knight |
| 22:05 | Build | Mill |
| 22:17 | Queue | Knight |
| 22:25 | Queue | Villager (Male) |
| 22:35 | Queue | Knight |
| 22:38 | Queue | Villager (Male) |
| 22:54 | Queue | Knight |
| 23:05 | Queue | Villager (Male) |
| 23:32 | Build | Farm |
| 23:32 | Build | Farm |
| 23:33 | Build | Farm |
| 23:33 | Build | Farm |
| 23:33 | Build | Farm |
| 23:33 | Build | Farm |
| 23:34 | Build | Farm |
| 23:34 | Build | Farm |
| 24:09 | Build | Mill |
| 24:13 | Build | House |
| 24:38 | Queue | Villager (Male) ×5 |
| 24:40 | Queue | Knight |
| 25:01 | Queue | Villager (Male) |
| 25:04 | Build | Farm |
| 25:04 | Build | Farm |
| 25:04 | Build | Farm |
| 25:05 | Build | Farm |
| 25:05 | Build | Farm |
| 25:05 | Build | Farm |
| 25:05 | Build | Farm |
| 25:14 | Queue | Knight |
| 25:29 | Queue | Villager (Male) |
| 25:34 | Build | Farm |
| 25:51 | Queue | Knight |
| 26:02 | Research | Husbandry |
| 26:04 | Queue | Villager (Male) |
| 26:09 | Build | Town Center |
| 26:21 | Queue | Villager (Male) |
| 26:21 | Queue | Villager (Male) |
| 26:22 | Queue | Villager (Male) |
| 26:23 | Queue | Villager (Male) |
Build order — Sudden_Death_
First 150 of 171 actions detected
| 0:10 | Build | House |
| 0:23 | Build | Town Center |
| 2:27 | Queue | Villager (Male) ×4 |
| 3:16 | Build | Lumber Camp |
| 3:46 | Queue | Villager (Male) |
| 4:23 | Build | House |
| 4:32 | Queue | Villager (Male) |
| 4:52 | Queue | Villager (Male) |
| 5:05 | Queue | Villager (Male) |
| 5:28 | Queue | Villager (Male) |
| 5:48 | Queue | Villager (Male) |
| 6:16 | Build | House |
| 6:30 | Queue | Villager (Male) |
| 6:56 | Queue | Villager (Male) |
| 7:15 | Queue | Villager (Male) |
| 7:38 | Build | Mill |
| 7:41 | Queue | Villager (Male) |
| 7:46 | Build | House |
| 8:06 | Queue | Villager (Male) |
| 8:22 | Queue | Villager (Male) |
| 8:44 | Build | House |
| 8:54 | Queue | Villager (Male) |
| 9:11 | Queue | Villager (Male) |
| 9:13 | Build | Mill |
| 9:40 | Research | Loom |
| 10:07 | Build | Mining Camp |
| 10:20 | Research | Feudal Age |
| 10:43 | Build | House |
| 10:54 | Queue | Villager (Male) |
| 10:55 | Queue | Villager (Male) |
| 11:36 | Build | House |
| 11:47 | Build | Palisade Wall |
| 12:32 | Age | Feudal Age |
| 12:34 | Build | Blacksmith |
| 12:41 | Build | Barracks |
| 13:00 | Queue | Villager (Male) |
| 13:28 | Build | Archery Range |
| 13:50 | Build | Palisade Wall |
| 13:51 | Build | Palisade Wall |
| 13:53 | Build | Palisade Wall |
| 13:58 | Queue | Villager (Male) |
| 14:07 | Research | Castle Age |
| 14:26 | Build | Palisade Wall |
| 14:39 | Build | Palisade Wall |
| 14:49 | Build | Palisade Wall |
| 15:10 | Build | Palisade Gate |
| 15:27 | Queue | Villager (Male) |
| 15:42 | Research | Fletching |
| 15:53 | Research | Double-Bit Axe |
| 16:35 | Build | Stable |
| 16:41 | Build | Palisade Wall |
| 17:03 | Age | Castle Age |
| 17:05 | Queue | Cavalry Archer |
| 17:08 | Research | Bodkin Arrow |
| 17:10 | Queue | Villager (Male) |
| 17:33 | Build | House |
| 17:36 | Build | House |
| 17:39 | Build | Palisade Wall |
| 17:42 | Queue | Villager (Male) |
| 17:46 | Queue | Cavalry Archer |
| 17:58 | Build | Town Center |
| 18:09 | Queue | Archer |
| 18:12 | Queue | Cavalry Archer |
| 18:18 | Queue | Villager (Male) |
| 18:44 | Queue | Archer |
| 18:48 | Queue | Cavalry Archer |
| 18:49 | Queue | Villager (Male) |
| 19:05 | Queue | Cavalry Archer |
| 19:14 | Queue | Villager (Male) |
| 19:15 | Build | Farm |
| 19:16 | Build | Farm |
| 19:16 | Build | Farm |
| 19:18 | Build | Farm |
| 19:34 | Build | Farm |
| 19:43 | Queue | Cavalry Archer |
| 19:44 | Queue | Villager (Male) |
| 20:17 | Queue | Cavalry Archer |
| 20:18 | Queue | Villager (Male) |
| 20:50 | Build | University |
| 20:55 | Queue | Villager (Male) |
| 21:01 | Queue | Cavalry Archer |
| 21:34 | Queue | Villager (Male) |
| 21:36 | Queue | Cavalry Archer |
| 21:37 | Queue | Villager (Male) |
| 21:53 | Queue | Villager (Male) |
| 22:01 | Queue | Villager (Male) |
| 22:05 | Build | Town Center |
| 22:22 | Research | Ballistics |
| 22:31 | Queue | Cavalry Archer |
| 22:34 | Queue | Villager (Male) |
| 22:44 | Build | Farm |
| 22:46 | Queue | Cavalry Archer |
| 22:58 | Queue | Villager (Male) |
| 23:05 | Build | House |
| 23:26 | Research | Town Watch |
| 23:41 | Queue | Villager (Male) |
| 24:03 | Queue | Cavalry Archer |
| 24:09 | Queue | Villager (Male) |
| 24:46 | Queue | Cavalry Archer |
| 24:47 | Queue | Villager (Male) |
| 24:47 | Queue | Villager (Male) |
| 25:01 | Build | Monastery |
| 25:02 | Research | Bloodlines |
| 25:11 | Queue | Cavalry Archer |
| 25:14 | Build | Archery Range |
| 25:42 | Queue | Villager (Male) |
| 25:43 | Queue | Villager (Male) |
| 25:46 | Build | Farm |
| 25:51 | Build | Farm |
| 25:51 | Build | Farm |
| 25:51 | Build | Farm |
| 25:52 | Build | Farm |
| 25:53 | Build | Farm |
| 25:57 | Queue | Villager (Male) |
| 26:10 | Queue | Archer |
| 26:11 | Queue | Archer |
| 26:12 | Build | House |
| 26:39 | Queue | Villager (Male) |
| 26:49 | Build | Farm |
| 26:55 | Queue | Villager (Male) |
| 27:11 | Queue | Cavalry Archer |
| 27:11 | Queue | Cavalry Archer |
| 27:36 | Build | Siege Workshop |
| 27:39 | Queue | Cavalry Archer |
| 27:39 | Queue | Cavalry Archer |
| 27:41 | Research | Padded Archer Armor |
| 27:51 | Queue | Villager (Male) |
| 27:52 | Queue | Villager (Male) |
| 27:57 | Build | House |
| 28:07 | Queue | Cavalry Archer |
| 28:08 | Queue | Cavalry Archer |
| 28:15 | Build | House |
| 28:31 | Research | Gold Mining |
| 28:37 | Research | Stone Mining |
| 28:40 | Queue | Scorpion |
| 28:46 | Queue | Cavalry Archer |
| 28:47 | Queue | Cavalry Archer |
| 29:03 | Queue | Villager (Male) |
| 29:20 | Queue | Scorpion |
| 29:39 | Queue | Villager (Male) |
| 29:39 | Queue | Villager (Male) |
| 29:44 | Queue | Cavalry Archer |
| 29:44 | Queue | Cavalry Archer |
| 29:57 | Queue | Mangonel |
| 30:01 | Build | House |
| 30:02 | Build | House |
| 30:19 | Build | House |
| 30:22 | Build | Lumber Camp |
| 30:24 | Queue | Villager (Male) |
| 30:25 | Queue | Villager (Male) |
Match timeline
| 11:00 | LMG_HERA DE TEMU · first_building Barracks |
| 11:11 | LMG_HERA DE TEMU · wall_segment Palisade Wall x1 |
| 11:47 | Sudden_Death_ · wall_segment Palisade Wall x3 |
| 12:15 | LMG_HERA DE TEMU · age_up feudal |
| 12:18 | LMG_HERA DE TEMU · first_building Stable |
| 12:23 | Hornet-Wing · wall_segment Palisade Wall x6 |
| 12:32 | Sudden_Death_ · age_up feudal |
| 12:41 | Sudden_Death_ · first_building Barracks |
| 12:48 | LMG_Leonardo · age_up feudal |
| 12:52 | Hornet-Wing · wall_segment Palisade Wall x1 |
| 12:53 | Hornet-Wing · wall_segment Palisade Wall x1 |
| 13:20 | Hornet-Wing · wall_segment Palisade Wall x1 |
| 13:21 | Hornet-Wing · wall_segment Palisade Wall x1 |
| 13:28 | Sudden_Death_ · first_building Archery Range |
| 13:50 | Hornet-Wing · age_up feudal |
| 13:50 | Sudden_Death_ · wall_segment Palisade Wall x1 |
| 13:51 | Sudden_Death_ · wall_segment Palisade Wall x1 |
| 13:52 | Hornet-Wing · first_building Stable |
| 13:53 | Sudden_Death_ · wall_segment Palisade Wall x1 |
| 14:02 | LMG_HERA DE TEMU · wall_segment Palisade Wall x11 |
| 14:26 | Sudden_Death_ · wall_segment Palisade Wall x1 |
| 14:39 | Sudden_Death_ · wall_segment Palisade Wall x1 |
| 14:44 | LMG_HERA DE TEMU · first_building Archery Range |
| 14:49 | Sudden_Death_ · wall_segment Palisade Wall x1 |
| 15:49 | LMG_Leonardo · first_building Barracks |
| 16:05 | LMG_Leonardo · wall_segment Palisade Wall x1 |
| 16:06 | LMG_Leonardo · wall_segment Palisade Wall x1 |
| 16:07 | LMG_Leonardo · wall_segment Palisade Wall x1 |
| 16:08 | LMG_Leonardo · wall_segment Palisade Wall x1 |
| 16:12 | Hornet-Wing · wall_segment Palisade Wall x7 |
| 16:15 | LMG_Leonardo · wall_segment Palisade Wall x1 |
| 16:16 | LMG_Leonardo · wall_segment Palisade Wall x2 |
| 16:16 | LMG_Leonardo · wall_segment Palisade Wall x1 |
| 16:17 | LMG_Leonardo · wall_segment Palisade Wall x1 |
| 16:17 | Hornet-Wing · wall_segment Palisade Wall x3 |
| 16:17 | LMG_Leonardo · wall_segment Palisade Wall x1 |
| 16:19 | LMG_HERA DE TEMU · wall_segment Palisade Wall x16 |
| 16:34 | Hornet-Wing · age_up castle |
| 16:35 | Sudden_Death_ · first_building Stable |
| 16:41 | Sudden_Death_ · wall_segment Palisade Wall x3 |
| 16:54 | LMG_HERA DE TEMU · wall_segment Palisade Wall x1 |
| 17:03 | Sudden_Death_ · age_up castle |
| 17:06 | Hornet-Wing · wall_segment Palisade Wall x1 |
| 17:06 | LMG_HERA DE TEMU · wall_segment Palisade Wall x7 |
| 17:06 | LMG_Leonardo · first_building Stable |
| 17:07 | Hornet-Wing · wall_segment Palisade Wall x1 |
| 17:07 | Hornet-Wing · wall_segment Palisade Wall x1 |
| 17:16 | LMG_Leonardo · age_up castle |
| 17:20 | Hornet-Wing · wall_segment Palisade Wall x6 |
| 17:39 | Sudden_Death_ · wall_segment Palisade Wall x3 |
| 18:07 | LMG_HERA DE TEMU · wall_segment Palisade Wall x1 |
| 20:39 | LMG_Leonardo · first_market_buy 100 food |
| 21:53 | LMG_HERA DE TEMU · first_market_buy 100 food |
| 22:51 | LMG_HERA DE TEMU · wall_segment Palisade Wall x1 |
| 25:01 | Sudden_Death_ · first_building Monastery |
| 25:21 | LMG_Leonardo · first_building Monastery |
| 25:51 | LMG_HERA DE TEMU · age_up castle |
| 27:36 | Sudden_Death_ · first_building Siege Workshop |
| 28:06 | LMG_HERA DE TEMU · first_market_sell 100 wood |
| 31:04 | LMG_HERA DE TEMU · first_building Castle |
| 32:08 | Hornet-Wing · first_building Castle |
| 32:45 | LMG_HERA DE TEMU · resign |
[ AI ANALYSIS · 1 CREDIT ]
What really happened in this match?
Wolo.gg analyzes every decision: build order, eco, micro, common mistakes by bracket. Personalized analysis on WhatsApp or Discord in 30 seconds.
Civ guide
Berbers
Perfil
Jugador #12168959